 Dungeon Crawl Stone Soup version 0.25.1-2-g60ff931df9 (webtiles) character file.

Game seed: 5693552684274416374

796 Peloso the Covered (level 7, 0/61 HPs)
             Began as a Minotaur Fighter on Aug 10, 2020.
             Slain by Blork the orc
             ... wielding a +0 flail
              (2 damage)
             ... on level 5 of the Dungeon.
             The game lasted 00:08:21 (4885 turns).

Peloso the Covered (Minotaur Fighter)               Turns: 4885, Time: 00:08:22

Health: 0/61       AC:  7    Str: 21    XL:     7   Next: 58%
Magic:  6/6        EV:  8    Int:  5    God:
Gold:   165        SH: 10    Dex: 11    Spells: 6/6 levels left

rFire    + . .     SeeInvis .   a - +0 long sword
rCold    . . .     Gourm    .   c - +0 kite shield
rNeg     . . .     Faith    .   b - +0 scale mail
rPois    .         Spirit   .   (helmet restricted)
rElec    .         Reflect  .   (no cloak)
rCorr    .         Harm     .   (no gloves)
MR       .....                  (no boots)
Stlth    ..........             (no amulet)
HPRegen  0.20/turn              h - ring of protection from fire
MPRegen  0.10/turn              (no ring)

@: no status effects
A: retaliatory headbutt, horns 2
a: no special abilities


You were on level 5 of the Dungeon.
You were not hungry.

You visited 1 branch of the dungeon, and saw 5 of its levels.
You also visited: Sewer.

You collected 165 gold pieces.

Inventory:

Hand Weapons
 a - a +0 long sword (weapon)
Armour
 b - a +0 scale mail (worn)
 c - a +0 kite shield (worn)
Jewellery
 h - a ring of protection from fire (left hand)
Wands
 r - a wand of iceblast (1)
 v - a wand of enslavement (5)
 x - a wand of random effects (18)
Scrolls
 e - 3 scrolls of teleportation {unknown}
 g - 2 scrolls of fear {unknown}
 i - a scroll of blinking {unknown}
 j - 2 scrolls of immolation {unknown}
 k - 2 scrolls of remove curse {unknown}
 m - 2 scrolls of magic mapping {unknown}
 q - a scroll of fog {unknown}
 s - 6 scrolls of identify {unknown}
 u - a scroll of amnesia {unknown}
 w - a scroll of enchant armour {unknown}
Potions
 d - a potion of might
 l - 6 potions of curing
 n - 4 potions of haste
 o - 2 potions of flight
 p - a potion of heal wounds {unknown}
 t - a potion of resistance {unknown}
 z - a potion of mutation {unknown}
 B - a potion of magic {unknown}
Comestibles
 f - 6 rations


   Skills:
 + Level 5.1 Fighting
 + Level 6.1 Long Blades
 + Level 6.3 Armour
 + Level 1.9 Dodging
 + Level 1.0 Stealth
 + Level 5.9 Shields
 + Level 0.2 Evocations


You had 6 spell levels left.
You didn't know any spells.
Your spell library contained the following spells:

 Spells                   Type           Power        Failure   Level  Hunger
 Corona                   Hex            #......      99%         1    ##.....
 Ensorcelled Hibernation  Hex/Ice        #.....       100%        2    ###....
 Confusing Touch          Hex            #.......     100%        3    ####...
 Dazzling Flash           Conj/Hex       #.....       100%        3    ####...
 Tukima's Dance           Hex            #.......     100%        3    ####...


Dungeon Overview and Level Annotations

Branches:
Dungeon (5/15)              Sewer (visited)
 Temple: D:4-7

Altars:
Sif Muna

Annotations:
D:5 Blork the orc


Innate Abilities, Weirdness & Mutations

You reflexively headbutt those who attack you in melee.
You have a pair of horns on your head.


Message History

You block the gnoll shaman's attack. Blork the orc closely misses you.
The gnoll hits you from afar with a +0 spear.
The hornet zombie hits you but does no damage.
The gnoll barely misses you.
You slash the worker ant zombie!
You destroy the worker ant zombie!
The gnoll shaman hits you with a +0 whip.
Blork the orc gestures at you while chanting.
The magic dart hits you. The hornet zombie hits you.
* * * LOW HITPOINT WARNING * * *
You block the gnoll's attack. x2
Blork the orc casts a spell at you. The puff of frost hits you.
* * * LOW HITPOINT WARNING * * *
The hornet zombie hits you.
* * * LOW HITPOINT WARNING * * *
The gnoll shaman hits you with a +0 whip!
* * * LOW HITPOINT WARNING * * *
Blork the orc hits you with a +0 flail.
You die...

.............#..
................
#............. .
............ ..
..........###..#
...............#
.....gg.....#..#
..%...o)g..##..
.......@........
.....>.Z........
...........#....
.##........#....
#...!.........
###...........
#.....#....
...........


You could see Blork the orc (fast), a gnoll shaman, 2 gnolls and a hornet
zombie.

Vanquished Creatures
  Sigmund (D:2)
  2 big kobolds (Sewer)
  A bullfrog zombie (D:5)
  An orc priest (D:4)
  A bullfrog skeleton (D:4)
  Jessica (D:2)
  An orc wizard (D:4)
  Ijyb (D:4)
  Natasha (twice) (D:1)
  2 worker ant zombies
  8 gnolls
  7 adders
  A river rat (Sewer)
  A shadow imp (D:5)
  An ooze (Sewer)
  An adder skeleton (D:4)
  5 worms
  2 dart slugs (D:1)
  3 leopard geckos
  3 orcs
  8 giant cockroaches
  8 goblins
  5 hobgoblins
  16 kobolds
  3 ball pythons
  5 bats
  A frilled lizard (D:2)
  11 rats
102 creatures vanquished.

Notes
Turn   | Place    | Note
-------+----------+-------------------------------------------
     0 | D:1      | Peloso the Minotaur Fighter began the quest for the Orb.
     0 | D:1      | Reached XP level 1. HP: 19/19 MP: 0/0
   120 | D:1      | Reached XP level 2. HP: 27/27 MP: 1/1
  1057 | D:2      | Noticed Natasha
  1057 | D:2      | Noticed Jessica
  1063 | D:2      | Noticed a crimson imp
  1083 | D:1      | Noticed a crimson imp
  1084 | D:1      | Killed Natasha
  1084 | D:1      | Reached XP level 3. HP: 14/33 MP: 2/2
  1145 | D:1      | Noticed Natasha
  1149 | D:1      | Killed Natasha
  1149 | D:1      | Reached XP level 4. HP: 25/40 MP: 3/3
  1432 | D:2      | Noticed Sigmund
  1583 | D:3      | Found a glowing drain.
  1587 | Sewer    | Entered a sewer
  1621 | Sewer    | Reached XP level 5. HP: 26/46 MP: 4/4
  1810 | Sewer    | Reached skill level 5 in Armour
  2188 | Sewer    | Reached skill level 1 in Dodging
  2188 | Sewer    | Reached skill level 5 in Shields
  2188 | Sewer    | Reached XP level 6. HP: 46/53 MP: 5/5
  2775 | D:3      | Reached skill level 5 in Long Blades
  3538 | D:4      | Noticed Ijyb
  3541 | D:4      | Killed Ijyb
  3908 | D:2      | Killed Sigmund
  3908 | D:2      | Reached skill level 5 in Fighting
  3908 | D:2      | Reached XP level 7. HP: 32/61 MP: 6/6
  4204 | D:2      | Killed Jessica
  4393 | D:2      | Found a shimmering blue altar of Sif Muna.
  4623 | D:5      | Entered Level 5 of the Dungeon
  4628 | D:5      | Noticed Blork the orc
  4633 | D:5      | Reached skill level 1 in Stealth
  4885 | D:5      | HP: 2/61 [gnoll shaman/+0 whip (7)]
  4885 | D:5      | Slain by Blork the orc

Illustrated notes

Levels and vault maps discovered:
D:1:      dpeg_arrival_central, layout_basic
D:2:      layout_rooms, first_ration, dk_noncrumbling_3, led_sif_pool,
          uniq_sigmund, uniq_jessica, uniq_natasha
D:3:      layout_rooms, gup_sewer_entry_spiral
D:4:      layout_gridville, serial_co_window_serial, co_window_cross_1,
          co_window_paths_a, co_window_paths_a, co_window_paths_a,
          co_window_paths_b, co_window_paths_c, co_window_of_opportunity_b,
          co_window_unsneaky_path_d, co_window_cross_2, co_window_cross_2,
          co_window_unsneaky_path_d, co_window_unsneaky_path_b, glass_columns_b,
          glass_columns_a, glass_columns_c, glass_columns_a,
          kennysheep_generic_room_14, uniq_ijyb
D:5:      layout_cave_pools, minmay_temple_entry_mist, basic_altar,
          kennysheep_generic_room_9, uniq_blork_the_orc, uniq_crazy_yiuf_cottage

Skill      XL: |  1  2  3  4  5  6  7 |
---------------+----------------------+-----
Fighting       | 4 5 |  5.1
Shields        | 4 5 |  5.9
Armour         | 4 5 6 |  6.3
Long Blades    | 3 4 5 6 |  6.1
Dodging        | 1 |  1.9
Stealth        | 1 |  1.0
Evocations     | |  0.2

Action                   |  1- 3 |  4- 6 |  7- 9 || total
-------------------------+-------+-------+-------++-------
Melee: Long sword        |    50 |   220 |    54 ||   324
       Headbutt          |     8 |    33 |    14 ||    55
Evoke: Wand              |       |     3 |     1 ||     4
  Use: Potion            |       |     3 |       ||     3
  Eat: Chunk             |     1 |     6 |     3 ||    10
       Ration            |       |     1 |       ||     1
Armor: Scale mail        |    17 |    85 |    28 ||   130
Dodge: Dodged            |    21 |    52 |    27 ||   100
Block: Kite shield       |    33 |   123 |    54 ||   210
       Rpst.: Long sword |     4 |     8 |     8 ||    20
